 Dungeon Crawl Stone Soup version 0.28.0-43-g3370ac3207 (webtiles) character file.

Game seed: 16073666868419539507

254 rel the Cutter (level 6, -1/58 HPs)
             Began as a Kobold Berserker on Mar 24, 2022.
             Was a Believer of Trog.
             Slain by a phantom (2 damage)
             ... on level 4 of the Dungeon.
             The game lasted 00:07:13 (3201 turns).

rel the Cutter (Kobold Berserker)                   Turns: 3201, Time: 00:07:14

Health: -1/58      AC:  8    Str: 14    XL:     6   Next: 38%
Magic:  6/6        EV:  9    Int: 10    God:    Trog [**....]
Gold:   70         SH:  0    Dex: 15    Spells: 5/5 levels left

rFire   . . .      SeeInvis .   a - +0 short sword (freeze)
rCold   . . .      Faith    .   (no shield)
rNeg    . . .      Spirit   .   j - +0 chain mail
rPois   .          Reflect  .   (no helmet)
rElec   .          Harm     .   (no cloak)
rCorr   .          Rampage  .   (no gloves)
Will    .....                   (no boots)
Stlth   ..........              (no amulet)
HPRegen 0.19/turn               (no ring)
MPRegen 0.10/turn               (no ring)

@: berserking, very quick
A: small, no large weapons, nightstalker 3
a: Renounce Religion, Berserk, Trog's Hand


You were on level 4 of the Dungeon.
You worshipped Trog.
Trog was pleased with you.
You visited 1 branch of the dungeon, and saw 4 of its levels.

You collected 70 gold pieces.

Inventory:

Hand Weapons
 a - a +0 short sword of freezing (weapon)
Missiles
 c - 2 throwing nets (quivered)
Armour
 j - a +0 chain mail (worn)
Wands
 b - a wand of flame (18)
Scrolls
 f - a scroll of fear {unknown}
 g - a scroll of magic mapping {unknown}
 h - 2 scrolls of teleportation {unknown}
Potions
 d - 4 potions of brilliance {unknown}
 e - a potion of cancellation {unknown}


   Skills:
 * Level 4.7 Fighting
 + Level 5.6 Short Blades
 + Level 1.8 Armour
 * Level 4.6 Dodging
 + Level 2.4 Stealth


You had 5 spell levels left.
You didn't know any spells.
Your spell library was empty.

Dungeon Overview and Level Annotations

Branches:
Dungeon (4/15)
 Temple: D:4-7

Altars:
Vehumet


Innate Abilities, Weirdness & Mutations

You are small and have problems with some larger weapons.
You are completely attuned to the shadows.


Message History

You hit the adder skeleton.
You destroy the adder skeleton!
Trog accepts your kill.
There is an open door here.
You see here a +0 chain mail.
j - a +0 chain mail
Okay, then.
You start removing your armour.
You continue taking off your +0 ring mail. x4
You finish taking off your +0 ring mail.
You start putting on your armour.
You continue putting on your +0 chain mail. x5
You finish putting on your +0 chain mail.
You drop a +0 ring mail.
A phantom comes into view.
A phantom is nearby!
The phantom hits you!
The phantom blinks!
You blink.
You barely miss the phantom. The phantom hits you.
The phantom blinks!
You blink.
You closely miss the phantom.
The phantom hits you but does no damage.
You hit the phantom but do no damage. You hit the phantom but do no damage.
The phantom hits you.
The phantom blinks!
You blink.
You hit the phantom but do no damage.
The phantom hits you but does no damage.
You hit the phantom but do no damage. The phantom hits you.
* * * LOW HITPOINT WARNING * * *
The phantom blinks!
You blink.
You barely miss the phantom. The phantom hits you.
* * * LOW HITPOINT WARNING * * *
A red film seems to cover your vision as you go berserk!
You feel yourself moving faster!
You feel mighty! The phantom hits you!
* * * LOW HITPOINT WARNING * * *
You puncture the phantom!
The phantom is moderately damaged.
You completely miss the phantom.
The phantom is moderately damaged.
The phantom hits you.
You die...

#.§##.########
##..#.#......#
###..#'#.####.# #
..........# #.#.#
#........§.####.#.#
#.................#
#.........#####†###
#....W....# #.#
#...@...>.# #.#
#.........# #.#
######### #.# #.#
#.# #.# #.# #.# #.#


You could see a phantom.

Vanquished Creatures
  2 scorpions (D:4)
  6 gnolls
  2 adder skeletons (D:4)
  A dart slug (D:1)
  A worm (D:3)
  3 orcs (D:3)
  7 endoplasms
  4 giant cockroaches
  2 goblins (D:1)
  7 hobgoblins
  9 jackals
  2 quokkas
  5 ball pythons
  4 bats (D:1)
  2 frilled lizards
  2 kobolds
  5 rats
64 creatures vanquished.

Notes
Turn   | Place    | Note
-------+----------+-------------------------------------------
     0 | D:1      | rel the Kobold Berserker began the quest for the Orb.
     0 | D:1      | Reached XP level 1. HP: 14/14 MP: 1/1
   604 | D:1      | Reached XP level 2. HP: 16/19 MP: 2/2
  1031 | D:1      | Found a faded altar of an unknown god.
  1093 | D:1      | Reached XP level 3. HP: 24/24 MP: 3/3
  2271 | D:3      | Reached XP level 4. HP: 29/29 MP: 4/4
  2276 | D:3      | Reached skill level 1 in Stealth
  2639 | D:3      | Found a radiant altar of Vehumet.
  2787 | D:3      | Reached XP level 5. HP: 28/33 MP: 5/5
  2790 | D:3      | Reached ** piety under Trog
  2880 | D:4      | Reached skill level 5 in Short Blades
  2939 | D:4      | Reached XP level 6. HP: 39/39 MP: 6/6
  3199 | D:4      | HP: 1/58 [phantom (7)]
  3201 | D:4      | Slain by a phantom

Illustrated notes

Levels and vault maps discovered:
D:1:      minmay_arrival_semitransparent, layout_loops_ring,
          shapermc_ecumenical_altar_pompeii, minmay_pentomino_r4
D:2:      layout_rooms
D:3:      layout_rooms, vehumet_altar_wand_db, gup_sewer_entry_bowl,
          hangedman_feature_mirror
D:4:      layout_basic, nicolae_wooded_promenade

Skill      XL: |  1  2  3  4  5 |
---------------+----------------+-----
Dodging        | 3 4 |  4.6
Fighting       | 4 |  4.7
Stealth        | 1 2 |  2.4
Short Blades   | 5 |  5.6
Armour         | |  1.8

Action                   |  1- 3 |  4- 6 || total
-------------------------+-------+-------++-------
Melee: Short sword       |   127 |   100 ||   227
       Punch             |       |     1 ||     1
Invok: Berserk           |     4 |     3 ||     7
  Use: Scroll            |     5 |       ||     5
 Stab: Sleeping          |     7 |     3 ||    10
Armor: Animal skin       |    21 |     2 ||    23
       Ring mail         |       |    12 ||    12
       Chain mail        |       |     2 ||     2
Dodge: Dodged            |    88 |    57 ||   145
